 Dungeon Crawl Stone Soup version 0.27.0-1-g7a089689b8 (webtiles) character file.

Game seed: 5876624512211130097

135 mrzisme the Magician (level 5, -3/39 HPs)
             Began as a Djinni Fire Elementalist on Aug 16, 2021.
             Killed from afar by Sigmund (8 damage)
             ... with a magic dart
             ... on level 2 of the Dungeon.
             The game lasted 00:12:30 (3571 turns).

mrzisme the Magician (Djinni Fire Elementalist)     Turns: 3571, Time: 00:12:31

Health: -3/39      AC:  2    Str:  7    XL:     5   Next: 41%
Gold:   83         EV: 12    Int: 17    God:
                   SH:  0    Dex: 14

rFire    + + .     SeeInvis .   e - +3 dagger
rCold    x . .     Faith    .   (no shield)
rNeg     . . .     Spirit   .   a - +0 robe
rPois    ∞         Reflect  .   (no helmet)
rElec    .         Harm     .   (no cloak)
rCorr    .         Rampage  .   (no gloves)
Will     .....                  (boots unavailable)
Stlth    ++........             (no amulet)
HPRegen  0.13/turn              (no ring)
MPRegen  0.00/turn              (no ring)

@: flying
A: sickness immunity, fire resistance 2, cold vulnerability 1, float, innate
caster, hp casting, extra vitality 1
a: no special abilities


You were on level 2 of the Dungeon.
You visited 1 branch of the dungeon, and saw 3 of its levels.

You collected 83 gold pieces.

Inventory:

Hand Weapons
 e - a +3 dagger (weapon)
Missiles
 c - 18 poisoned darts (quivered)
Armour
 a - a +0 robe (worn)
 f - a +0 leather armour of cold resistance
Scrolls
 b - 2 scrolls of noise {unknown}
 d - a scroll of acquirement {unknown}
 g - 2 scrolls of amnesia {unknown}
 i - a scroll of enchant armour {unknown}
 k - a scroll of teleportation {unknown}
 l - a scroll of blinking {unknown}
Potions
 h - a potion of curing
 j - a potion of cancellation {unknown}


   Skills:
 + Level 2.4 Fighting
 - Level 2.1 Dodging
 - Level 1.5 Stealth
 * Level 3.9 Spellcasting


You couldn't memorise any spells.
You knew the following spells:

 Your Spells              Type           Power      Damage    Failure   Level
a - Foxfire               Conj/Fire      64%        2x1d7     3%          1
b - Conjure Flame         Conj/Fire      16%        6-21      10%         3
c - Inner Flame           Hex/Fire       16%        N/A       10%         3
d - Sticky Flame          Conj/Fire      16%        2d4       32%         4
e - Fireball              Conj/Fire      8%         3d6       65%         5
f - Shock                 Conj/Air       64%        1d7       3%          1
g - Slow                  Hex            16%        N/A       4%          2
Your spell library was empty.

Dungeon Overview and Level Annotations

Branches:
Dungeon (3/15)

Altars:

Shops:
D:2 (

Annotations:
D:2 Sigmund


Innate Abilities, Weirdness & Mutations

You are immune to sickness and miasma.
You are immune to poison.
Your flesh is very heat resistant. (rF++)
You are vulnerable to cold. (rC-)
You float through the air rather than walking.
You learn spells naturally, not from books.
Your magical power is your life essence.
You have superior vitality. (+4 HP)


Message History

There is an escape hatch in the floor here.
Sigmund shouts!
Sigmund is nearby!
Casting: Foxfire (safe; 3% risk of failure)
Confirm with . or Enter, or press ? or * to list all spells.
You conjure some foxfire!
The foxfire hits Sigmund.
Sigmund is lightly wounded.
The foxfire hits Sigmund.
Sigmund is lightly wounded.
Casting: Foxfire (safe; 3% risk of failure)
Confirm with . or Enter, or press ? or * to list all spells.
You conjure some foxfire!
The foxfire hits Sigmund but does no damage.
Sigmund is lightly wounded.
The foxfire hits Sigmund!
Sigmund is moderately wounded.
Sigmund casts a spell at you.
You are confused.
Sigmund gestures at you while chanting.
You are more confused.
You bump into the rock wall.
Sigmund mumbles some strange words.
Sigmund flickers and vanishes!
Deactivating autopickup; reactivate with Ctrl-A.
Something tries to affect you, but you resist.
Something hits you! Something hits you!
You writhe in agony.
You bump into the rock wall.
Something hits you. Something hits you!
* * * LOW HITPOINT WARNING * * *
You writhe in agony.
* * * LOW HITPOINT WARNING * * *
You feel less confused. Something completely misses you.
You hit something but do no damage.
You hear some strange, mumbled words.
A magic dart appears from out of thin air!
The magic dart hits you!
You die...

###.........#..###.#.###..
####...............<........#
#....>.........#.##.###.###>#
#.#.......###.....#.###.# #.#
#.#.##....# #.........#.###..
#.#.##....###...............#
#.#.###.#......####.#######(#
#.......##....## #.#######.#
#......###..@.# #.........#
#..###.# #.{#.# #.#########
###..# #.###....#####.# #....#
#.##...........#########
#.#..###.###.#.................
#..).....# #..######..#########
#..#.##..# #.## #...........
##.#.....# #.# ##.#########
#....#..###.########.#


There were no monsters in sight!

Vanquished Creatures
  An orc wizard (D:3)
  A hound skeleton (D:3)
  4 adders
  2 worms (D:2)
  4 dart slugs
  3 orcs (D:3)
  2 giant cockroaches (D:2)
  6 goblins
  9 hobgoblins
  2 jackals (D:2)
  3 ball pythons
  2 bats
  2 frilled lizards
  3 kobolds
  4 rats
48 creatures vanquished.

Vanquished Creatures (others)
  151 foxfires
151 creatures vanquished.

Grand Total: 199 creatures vanquished

Notes
Turn   | Place    | Note
-------+----------+-------------------------------------------
     0 | D:1      | mrzisme the Djinni Fire Elementalist began the quest for
                  | the Orb.
     0 | D:1      | Reached XP level 1. HP: 15/15 MP: 0/0
   258 | D:1      | Reached XP level 2. HP: 18/22 MP: 0/0
   457 | D:1      | Found a faded altar of an unknown god.
   677 | D:1      | Reached skill level 1 in Fighting
  1027 | D:2      | Reached skill level 3 in Spellcasting
  1027 | D:2      | Reached XP level 3. HP: 21/27 MP: 0/0
  1027 | D:2      | Learned a level 1 spell: Shock
  1569 | D:2      | Reached XP level 4. HP: 28/33 MP: 0/0
  1670 | D:2      | Found Paich's Weapon Shop.
  1996 | D:2      | Noticed Sigmund
  2973 | D:3      | Reached XP level 5. HP: 17/39 MP: 0/0
  2973 | D:3      | Learned a level 2 spell: Slow
  3571 | D:2      | Killed from afar by Sigmund

Illustrated notes

Levels and vault maps discovered:
D:1:      amcnicky_arrival_single_pillar, layout_loops_ring,
          hellmonk_ecumenical_altar_inner_sanctum
D:2:      layout_loops_ring, serial_shops, shop, minmay_domino_4, uniq_sigmund
D:3:      layout_rooms

Skill      XL: |  1  2  3  4 |
---------------+-------------+-----
Fighting       | 1 2 |  2.4
Spellcasting   | 3 |  3.9
Dodging        | |  2.1
Stealth        | |  1.5

Action                   |  1- 3 |  4- 6 || total
-------------------------+-------+-------++-------
Melee: Whip              |       |     3 ||     3
       Dagger            |       |     1 ||     1
Throw: Dart              |       |     1 ||     1
 Cast: Foxfire           |    58 |    44 ||   102
       Shock             |       |     7 ||     7
       Conjure Flame     |       |     3 ||     3
  Use: Potion            |       |     2 ||     2
Armor: Robe              |       |     4 ||     4
Dodge: Dodged            |     9 |    27 ||    36
